 Dungeon Crawl Stone Soup version 0.14-a0-1721-g84c87b2 (webtiles) character file.

283 Psiweapon the Sneak (level 5, -5/29 HPs)
             Began as a Kobold Artificer on Jan 2, 2014.
             Killed by divine providence
             ... invoked by an orc priest
              (15 damage)
             ... on Level 3 of the Dungeon.
             The game lasted 00:13:13 (3492 turns).

Psiweapon the Sneak (Kobold Artificer)              Turns: 3492, Time: 00:13:16

HP  -5/29        AC  9     Str 11      XL: 5   Next: 33%
MP   8/8         EV 13     Int 10      God:
Gold 156         SH  0     Dex 16      Spells:  0 memorised,  4 levels left

rFire  . . .     SeeInvis +     g - +2,+0 dagger (protect)
rCold  . . .     Clarity  .     e - +0 leather armour
rNeg   . . .     Conserve .     (no shield)
rPois  .         rCorr    .     v - +1 orc wizard hat
rElec  .         rRot     .     (no cloak)
SustAb . .       Spirit   .     (no gloves)
rMut   .         Warding  .     (no boots)
Saprov + + .     Stasis   .     (no amulet)
                                (no ring)
                                x - ring of see invisible

@: slightly resistant to hostile enchantments, quite stealthy
A: disease resistance, carnivore 3, saprovore 2
a: no special abilities


You were on level 3 of the Dungeon.
You were completely stuffed.

You visited 1 branch of the dungeon, and saw 3 of its levels.

You collected 156 gold pieces.

Inventory:

Hand weapons
 a - a +1,+0 short sword
 g - a +2,+0 dagger of protection (weapon)
 j - a +0,+0 dagger
 t - a +0,+2 orcish dagger
 y - a +0,+0 sling
Missiles
 s - 9 poisoned needles
 w - 3 needles of confusion
 z - 21 stones (quivered)
 B - 11 sling bullets
Armour
 e - a +0 leather armour (worn)
 v - a +1 orcish wizard hat (worn)
Magical devices
 b - a wand of flame (6)
 c - a wand of enslavement (9)
 d - a wand of random effects (10)
 n - a wand of digging (10)
Comestibles
 f - 2 meat rations
 l - a rotting chunk of goblin flesh
 r - a slice of pizza
 A - 2 chunks of goblin flesh
Scrolls
 h - a scroll of remove curse
 i - a scroll of noise
Jewellery
 k - an uncursed ring of fire
 x - a ring of see invisible (left hand)
Potions
 m - 2 potions of resistance {unknown}
 o - a potion of curing {unknown}
 p - 2 potions of heal wounds {unknown}
 q - a potion of flight {unknown}
 u - a potion of brilliance {unknown}


   Skills:
 - Level 1.1 Fighting
 - Level 1.3 Short Blades
 + Level 1.6 Armour
 - Level 2.4 Dodging
 + Level 5.9 Stealth
 - Level 3.6 Evocations


You had 4 spell levels left.
You didn't know any spells.

Dungeon Overview and Level Annotations

Branches:
Dungeon (3/16)

Altars:


Innate Abilities, Weirdness & Mutations

You recuperate from illness quickly.
You are small and have problems with some larger weapons.
You are carnivorous and can eat meat at any time.
You can eat rotten meat.


Message History

t - Shout!
Orders for allies: a - Attack new target. p - Attack previous target. r - Retreat! s - Stop attacking. w - Wait here. f - Follow me.
Anything else - Stay silent.
Gang up on whom?
Press: ? - help, Dir - move target cursor, f/p - orc priest
Aim: an orc priest, wielding an orcish trident
Okay, then.
Evoke which item? (* to show all) (? for menu, Esc to quit)
Zapping:
d - a wand of random effects (11)
Press: ? - help, Shift-Dir - straight line, f/p - orc priest
Aim: an orc priest, wielding an orcish trident The magic dart hits the orc priest.
The orc priest is heavily wounded.
This wand has 10 charges left.
The orc priest invokes the aid of Beogh against you.
Something smites you!
Ouch! That really hurt!
You die...

##### #...##
#..#.## #..
##.###.######.o)...
#.## ##..@..o)#
##.###.########
#..#.## #.#.##
#.### #.# #.# #.#
#.#


You could see an orc priest and a friendly orc (invisible).

Vanquished Creatures
  2 gnolls (D:2)
  5 adders
  3 worms (D:2)
  2 orcs (D:3)
  8 bats
  3 giant cockroaches
  10 goblins
  5 hobgoblins
  2 jackals (D:2)
  6 kobolds
  A quokka (D:2)
  4 giant geckos
  4 giant newts
  7 rats
62 creatures vanquished.

Vanquished Creatures (collateral kills)
  A gnoll (D:2)
  A bat (D:2)
  2 goblins (D:2)
  A hobgoblin (D:2)
5 creatures vanquished.

Grand Total: 67 creatures vanquished

Notes
Turn   | Place    | Note
--------------------------------------------------------------
     0 | D:1      | Psiweapon, the Kobold Artificer, began the quest for the Orb.
     0 | D:1      | Reached XP level 1. HP: 12/12 MP: 1/1
   230 | D:2      | Reached XP level 2. HP: 16/16 MP: 3/3
   283 | D:2      | Reached XP level 3. HP: 11/20 MP: 4/4
   469 | D:1      | Reached skill level 4 in Stealth
  1975 | D:2      | Reached skill level 5 in Stealth
  1977 | D:2      | Reached XP level 4. HP: 23/25 MP: 6/6
  2702 | D:2      | Reached skill level 1 in Armour
  3172 | D:2      | Reached XP level 5. HP: 29/29 MP: 8/8
  3492 | D:3      | Killed from afar by an orc priest

Action                   |  1- 3 |  4- 6 || total
-------------------------+-------+-------++-------
Melee: Short sword       |   108 |    83 ||   191
       Dagger            |       |    68 ||    68
Evoke: Wand              |     5 |    16 ||    21
  Use: Scroll            |       |     6 ||     6
 Stab: Sleeping          |     3 |     8 ||    11
